Map: Catalyst LE

Players

Nerchio - Winner!

  • Race: Zerg Zerg
  • Spawn Location: 5:00

Has

  • Race: Protoss Protoss
  • Spawn Location: 11:00

Event: WCS Valencia 2018

VOD

Have the link to the VOD?

Description

Time

  • Played on: July 14, 2018, 9:30 a.m.
  • Length: 9:32

All games in this series

Show
View Real Time Build Order
Export as new Build Order

Nerchio Zerg - Winner!

Build Orders: Hatch First 

Get SALT Encoding   

  12  0:00  Drone  
  13  0:13  Overlord  
  13  0:17  Drone  
  14  0:31  Drone x2  
  14  0:34  Drone  
  17  0:54  Hatchery  
  17  0:57  Drone  
  17  1:00  Drone  
  18  1:04  Extractor  
  17  1:16  Spawning Pool  
  16  1:19  Drone  
  16  1:23  Drone  
  18  1:28  Drone  
  19  1:39  Overlord  
  19  1:49  Drone  
  20  2:00  Drone  
  21  2:02  Queen  
  21  2:04  Metabolic Boost  
  23  2:08  Queen  
  23  2:12  Zergling x2  
  26  2:17  Zergling x2  
  27  2:25  Drone x2  
  29  2:42  Hatchery  
  28  2:45  Zergling x2  
  28  2:47  Zergling x2  
  28  2:50  Drone  
  31  2:53  Drone  
  31  2:58  Overlord  
  32  3:00  Drone  
  32  3:04  Drone  
  34  3:06  Drone  
  34  3:09  Drone  
  34  3:12  Overlord  
  36  3:18  Drone x2  
  38  3:20  Drone  
  38  3:22  Drone  
  38  3:26  Drone  
  40  3:32  Queen  
  41  3:35  Zergling x4  
  43  3:42  Lair  
  43  3:47  Extractor  
  42  3:49  Roach Warren  
  42  3:51  Drone x2  
  42  3:56  Overlord  
  42  4:07  Queen  
  44  4:11  Spore Crawler, Queen  
  45  4:27  Drone x3  
  45  4:28  Roach x2  
  45  4:29  Roach x2  
  56  4:32  Roach  
  56  4:34  Roach  
  56  4:38  Overlord  
  60  4:42  Overlord  
  60  4:46  Overlord  
  60  4:50  Glial Reconstitution  
  60  4:58  Drone x4  
  64  5:01  Extractor  
  64  5:03  Roach  
  65  5:07  Overseer  
  65  5:11  Roach x2  
  69  5:16  Drone x3  
  69  5:17  Drone  
  73  5:21  Baneling Nest  
  73  5:25  Roach  
  74  5:35  Overlord  
  74  5:36  Overlord  
  73  5:45  Roach x2  
  73  5:46  Roach x2  
  73  5:49  Overlord  
  81  5:57  Zergling x2  
  81  5:58  Zergling x4  
  81  5:59  Roach x3  
  81  6:00  Roach  
  88  6:14  Roach  
  88  6:15  Roach x2  
  94  6:23  Roach x2  
  94  6:25  Roach  
  100  6:34  Overlord x2  
  100  6:36  Zergling x2  
  100  6:37  Zergling x6  
  103  6:40  Overlord  
  103  6:43  Ravager x3  
  104  6:55  Drone x7  
  104  6:59  Zergling x4  
  104  7:01  Zergling x2  
  114  7:02  Zergling x2  
  115  7:11  Drone  
  115  7:15  Overseer  
  116  7:16  Overlord  
  116  7:18  Roach x4  
  124  7:24  Drone x3  
  124  7:26  Baneling x5  
  124  7:27  Baneling  
  124  7:29  Overlord  
  127  7:38  Queen  
  127  7:40  Queen  
  127  7:42  Overlord  
  131  7:46  Centrifical Hooks  
  131  7:52  Extractor  
  131  7:54  Roach x4  
  138  8:02  Roach x2  
  138  8:03  Roach  
  144  8:07  Zergling x8  
  144  8:08  Zergling x2  
  144  8:11  Overlord  
  149  8:21  Baneling x6  
  149  8:22  Baneling  
  149  8:23  Zergling x2  
  149  8:24  Zergling x6  
  149  8:26  Baneling x2  
  153  8:28  Spine Crawler  
  153  8:29  Spore Crawler  
  153  8:32  Zergling x4  
  153  8:33  Zergling x2  
  152  8:35  Baneling x3  
  147  8:43  Zergling x10  
  147  8:47  Zergling x2  
  153  8:49  Baneling  
  153  8:50  Baneling x5  
  153  8:52  Roach  
  154  9:02  Zergling x12  
  137  9:05  Roach  
  137  9:07  Roach  
  122  9:10  Roach  
  122  9:12  Roach  
Show
View Real Time Build Order
Export as new Build Order

Has Protoss 

Build Orders: 1 Gate Expand, Chargelot Immortal, Dark Templar Rush 

Get SALT Encoding   

  12  0:00  Probe  
  13  0:12  Probe  
  14  0:20  Pylon  
  14  0:23  Probe  
  15  0:34  Probe  
  16  0:43  Gateway, Probe  
  17  0:53  Probe  
  17  0:56  Assimilator  
  18  1:01  Probe  
  18  1:10  Probe  
  20  1:27  Nexus  
  20  1:36  Cybernetics Core  
  20  1:40  Probe  
  21  1:52  Assimilator, Probe  
  22  1:58  Pylon  
  22  2:04  Probe  
  23  2:12  Stalker  
  23  2:16  Probe  
  26  2:23  Warp Gate  
  26  2:28  Probe  
  27  2:34  Twilight Council  
  27  2:36  Probe  
  27  2:40  Probe  
  29  2:44  Probe  
  29  2:49  Gateway  
  30  2:53  Probe  
  30  2:54  Probe  
  32  3:05  Charge, Probe  
  33  3:06  Probe  
  33  3:10  Robotics Facility  
  35  3:20  Probe x2  
  35  3:25  Adept  
  36  3:29  Pylon  
  38  3:34  Shield Battery  
  38  3:37  Probe  
  36  3:48  Gateway  
  36  3:49  Gateway  
  36  3:52  Warp Prism  
  36  3:54  Dark Shrine  
  38  4:04  Probe  
  38  4:05  Probe  
  40  4:12  Pylon  
  40  4:16  Probe  
  41  4:18  Probe  
  42  4:25  Stalker  
  42  4:27  Zealot  
  42  4:28  Probe  
  42  4:30  Probe  
  42  4:31  Dark Shrine  
  48  4:35  Forge  
  48  4:37  Observer  
  49  4:40  Probe  
  49  4:43  Probe  
  51  4:49  Pylon  
  51  4:52  Probe  
  52  4:53  Zealot x3  
  52  4:54  Protoss Ground Weapons Level 1  
  59  5:05  Immortal  
  62  5:07  Pylon  
  62  5:18  Zealot x3  
  68  5:22  Pylon  
  68  5:26  Pylon  
  67  5:37  Probe  
  69  5:43  Dark Templar x2  
  69  5:46  Nexus  
  69  5:49  Immortal, Probe  
  72  5:52  Probe  
  77  6:01  Probe  
  77  6:04  Probe  
  78  6:13  Probe  
  78  6:17  Probe  
  78  6:24  Gateway  
  78  6:25  Immortal, Gateway  
  78  6:28  Gateway  
  78  6:32  Gateway  
  76  6:33  Sentry, Zealot x3  
  78  6:56  Sentry, Zealot  
  78  6:57  Zealot x2  
  86  7:03  Shield Battery  
  86  7:04  Photon Cannon  
  86  7:06  Immortal, Pylon  
  86  7:09  Probe x2  
  93  7:21  Zealot x3  
  99  7:24  Shield Battery  
  99  7:25  Pylon  
  99  7:29  Probe  
  100  7:30  Probe x2  
  101  7:38  Warp Prism  
  101  7:42  Sentry, Zealot x2  
  101  7:43  Zealot x3  
  115  7:54  Pylon  
  115  7:57  Pylon  
  115  8:01  Sentry  
  117  8:07  Zealot x3  
  117  8:08  Zealot  
  125  8:13  Pylon  
  125  8:14  Sentry, Zealot x2  
  131  8:31  Zealot x5  
  133  8:46  Zealot x4  
  141  8:51  Zealot x2  
  141  8:52  Zealot x2  
  101  9:05  Zealot x2  
  85  9:16  Zealot x6  
  80  9:26  Zealot x2  
Tags
 
Add a new tag
Caveats
  • Supply blocks, unpowered buildings, or Contaminate may cause inaccurate times.
  • Supply counts are checked every 10 seconds.